 Dungeon Crawl Stone Soup version 0.20.0-15-g7f486f2 (webtiles) character file.

221 Azzok the Archer (level 5, -1/45 HPs)
             Began as a Centaur Hunter on June 16, 2017.
             Slain by appiemonkey's ghost (3 damage)
             ... on level 3 of the Dungeon.
             The game lasted 00:08:28 (4609 turns).

Azzok the Archer (Centaur Hunter)                   Turns: 4609, Time: 00:08:28

Health: -1/45      AC:  7    Str: 15    XL:     5   Next: 65%
Magic:  5/5        EV:  8    Int: 10    God:
Gold:   208        SH:  0    Dex: 12    Spells: 4/4 levels left

rFire    . . .     SeeInvis .   b - +0 short sword
rCold    . . .     Gourm    .   (no shield)
rNeg     . . .     Faith    .   h - +0 ring mail
rPois    .         Spirit   .   l - +1 helmet
rElec    .         Reflect  .   (no cloak)
rCorr    .         Harm     .   (no gloves)
MR       .....                  (no barding)
Stlth    ..........             (no amulet)
Regen    0.2/turn               o - +2 ring of dexterity
MPRegen  0.1/turn               (no ring)

@: very quick
A: hooves 3, deformed body, speed 2, tough skin 3
a: no special abilities


You were on level 3 of the Dungeon.
You were hungry.

You visited 1 branch of the dungeon, and saw 3 of its levels.

You collected 208 gold pieces.

Inventory:

Hand Weapons
 a - a +1 shortbow
 b - a +0 short sword (weapon)
Armour
 h - a +0 ring mail (worn)
 l - a +1 helmet (worn)
Jewellery
 o - a +2 ring of dexterity (left hand)
 u - a +4 ring of dexterity
Wands
 x - a wand of flame (0/48)
Scrolls
 c - a scroll of fog {unknown}
 e - 3 scrolls of immolation {unknown}
 i - a scroll of magic mapping {unknown}
 k - a scroll of identify {unknown}
 n - 2 scrolls of blinking {unknown}
Potions
 g - a potion of curing {unknown}
 j - a potion of flight {unknown}
 m - 2 potions of might {unknown}
 r - a potion of heal wounds {unknown}
 s - a potion of haste {unknown}
 t - a potion of invisibility {unknown}
 w - a potion of agility {unknown}
Comestibles
 f - 2 bread rations
 p - a royal jelly
 q - a meat ration


   Skills:
 + Level 3.5 Fighting
 * Level 8.3 Bows
 - Level 1.3 Dodging
 - Level 0.4 Stealth


You had 4 spell levels left.
You didn't know any spells.

Dungeon Overview and Level Annotations

Branches:
Dungeon (3/15)

Altars:
Makhleb
Vehumet

Annotations:
D:3 appiemonkey's ghost, amateur GrFi


Innate Abilities, Weirdness & Mutations

You have hooves in place of feet.
Armour fits poorly on your strangely shaped body.
You cover ground very quickly.
You have extremely tough skin. (AC +3)


Message History

Appiemonkey's ghost hits you.
You hit appiemonkey's ghost but do no damage.
Appiemonkey's ghost is severely damaged.
Appiemonkey's ghost hits you!
* * * LOW HITPOINT WARNING * * *
You barely miss appiemonkey's ghost.
Appiemonkey's ghost is severely damaged.
Appiemonkey's ghost closely misses you.
You hit appiemonkey's ghost but do no damage.
Appiemonkey's ghost is severely damaged.
Appiemonkey's ghost hits you but does no damage.
You hit appiemonkey's ghost but do no damage.
You kick appiemonkey's ghost.
Appiemonkey's ghost is severely damaged.
Appiemonkey's ghost hits you!
* * * LOW HITPOINT WARNING * * *
You closely miss appiemonkey's ghost.
Appiemonkey's ghost is severely damaged.
Appiemonkey's ghost hits you.
You die...

▒▒▒▒▒▒▒▒ ▒▒▒······▒ ▒········▒
▒···8····▒▒▒▒▒▒▒▒▒▒▒
▒▒·(8·8(··(((W@·····▒ ▒▒▒▒▒▒▒▒
▒··8·_W8·▒··········▒ ▒······▒
▒(··8·8··▒··········▒▒▒······▒▒
▒(···8··········[····)·········
▒···················▒▒▒▒▒··▒▒▒▒
▒)▒▒▒▒▒▒▒▒··········▒ ▒··▒ ▒·▒
▒▒▒▒▒▒▒▒▒··▒ ▒··▒ ▒▒ ▒·▒ ▒▒·▒
▒▒·▒▒▒· ▒·▒ ▒▒·· ▒··[··


You could see appiemonkey's ghost.

Vanquished Creatures
  A hound (D:2)
  7 gnolls
  4 adders (D:2)
  A worm (D:2)
  A dart slug (D:1)
  2 orcs
  A ball python (D:2)
  9 bats
  8 giant cockroaches
  8 goblins
  12 hobgoblins
  6 jackals
  2 quokkas (D:3)
  7 frilled lizards
  8 kobolds
  7 rats
84 creatures vanquished.

Notes
Turn   | Place    | Note
-------+----------+-------------------------------------------
     0 | D:1      | Azzok the Centaur Hunter began the quest for the Orb.
     0 | D:1      | Reached XP level 1. HP: 17/17 MP: 1/1
   256 | D:1      | Reached XP level 2. HP: 4/24 MP: 2/2
   262 | D:1      | Reached skill level 6 in Bows
   825 | D:1      | Reached XP level 3. HP: 25/30 MP: 3/3
  1472 | D:1      | Reached skill level 7 in Bows
  1472 | D:1      | Reached XP level 4. HP: 20/37 MP: 4/4
  1974 | D:2      | Found a burning altar of Makhleb.
  2421 | D:2      | Found a radiant altar of Vehumet.
  2785 | D:2      | Reached XP level 5. HP: 40/45 MP: 5/5
  2982 | D:3      | Noticed appiemonkey's ghost (amateur GrFi)
  3488 | D:2      | Reached skill level 8 in Bows
  4286 | D:3      | Found a faded altar of an unknown god.
  4608 | D:3      | HP: 1/45 [appiemonkey's ghost (8)]
  4609 | D:3      | Slain by appiemonkey's ghost

Skill      XL: |  1  2  3  4  5 |
---------------+----------------+-----
Bows           | 6 7 8 |  8.3
Fighting       | 3 |  3.5
Dodging        | |  1.3
Stealth        | |  0.4

Action                   |  1- 3 |  4- 6 || total
-------------------------+-------+-------++-------
Melee: Short sword       |   148 |   210 ||   358
       Kick              |    23 |    55 ||    78
 Fire: Shortbow          |    18 |    34 ||    52
Evoke: Wand              |       |     6 ||     6
  Use: Scroll            |     2 |       ||     2
  Eat: Chunk             |     1 |     9 ||    10
Armor: Ring mail         |   136 |   153 ||   289
       Leather armour    |     5 |       ||     5
Dodge: Dodged            |   119 |   135 ||   254
